Unix NetHack Version 5.0.0-0 post-release - last build Jun 10 2026 00:39:30 (3ee93aec679c4c4259841fe613dc97188e26a321,branch:main).

Game began 2026-06-30 14:34:55, ended 2026-06-30 15:12:42.

DaveT, lawful male human Priest

          ---------------                              ------------
          |.............|     ------                 ##...........|
         #..............-#####-....|                 # |...........#
         #|.............|   ##|....|                 # |..........|#
         #----------.----   ##|....|     ########   ## |..........|#
         #          ###     ##.....|     # -----.--##  |.@........|#
         #            #     # -.-+--###### |.......#   |K.........|#
         ##           #     #  ######      |......|    -.----------#
          #          ###  ###   #          |......|     #          #
  --------#     -------|- #     #          |......|     ######     #
  |.!....-(     |.......| #     #          |......|       ---.-    #
  |!..!..|      |.._....|##     ###     ###-......|       |...|   %#
  |!!!...|      |<......|#     ---.-    #  --------       |...-####--------
  --------      |........#     |...|    #                 |.>.|   #|......|
                ---------      |...| ####                 -----   #.......|
                               |....##                             |......|
                               -----                               --------

DaveT the Adept              St:12 Dx:12 Co:17 In:10 Wi:18 Ch:9  Lawful
Dlvl:4  $:0  HP:0(77) Pw:75(75) AC:2  Xp:8 T:8622  Hungry  

Latest messages:
 You smell a peculiar odor...
 It suddenly gets dark.
 You hear something shatter!
 You smell a peculiar odor...
 Call a cloudy potion: p
 You don't have gold enough to pay for a milky potion.
 You hear a nearby zap.
 The wand misses you.
 You hear a nearby zap.
 The wand hits you!
 You hear a nearby zap.
 The wand misses you.
 You feel less confused now.
 What do you want to use or apply? [ilSTY or ?*] l
 Improvise? [ynq] (q) y
 You start playing your horn.
 You produce a frightful, grave sound.
 Brzeg hits!
 Brzeg hits again!
 Brzeg hits!
 Brzeg hits again!
 You can see again.
 What do you want to drink? [dhpqO or ?*] O
 You feel much better.
 Brzeg hits!
 Brzeg hits again!
 Brzeg hits!
 Brzeg hits again!
 What do you want to read? [wDEIW or ?*] D
 As you read the scroll, it disappears.
 You materialize in a different location!
 You escaped the shop without paying!
 You stole 126 zorkmids worth of merchandise.
 An alarm sounds!
 The Keystone Kops are after you!
 You hit the Kop Lieutenant!
 You hit the Kop Lieutenant!
 The Kop Lieutenant hits!
 You hit the Kop Lieutenant.
 The Kop Lieutenant hits!
 The Kop Sergeant hits!
 You hit the Kop Lieutenant!
 The Kop Lieutenant hits!
 The Kop Sergeant hits!
 You kill the Kop Lieutenant!
 The Kop Sergeant hits!
 You die...
 Brzeg comes and takes all your possessions.
 Do you want to see what you had when you died? [ynq] (y) y
 Do you want to see your attributes? [ynq] (y) q

Inventory:
 Weapons  (')')
  m - a blessed +1 orcish dagger
  J - a +0 aklys
  a - a blessed rusty corroded +1 mace (weapon in right hand)
 Armor    ('[')
  b - a burnt +0 robe (being worn)
  P - a blessed +1 splint mail (being worn)
 Comestibles  ('%')
  e - a clove of garlic
 Scrolls  ('?')
  I - a cursed scroll of charging
  w - a cursed scroll of earth
  W - a cursed scroll of enchant weapon
  E - a scroll of identify
  D - a scroll of teleportation
 Potions  ('!')
  h - a potion of gain ability
  q - a potion of healing
  p - a potion of sickness
  d - 4 potions of holy water
 Tools    ('(')
  l - a tooled horn
  T - a brass lantern
  Y - a magic marker (0:82)
  i - a magic marker (0:21)
  S - a partly used tallow candle
 Gems/Stones  ('*')
  u - an amber stone
  G - 2 topaz stones
  F - a worthless piece of yellow glass

DaveT the Priest's attributes:

Background:
 You were an Adept, a level 8 human Priest.
 You were lawful, on a mission for Amaterasu Omikami
 who was opposed by Raijin (neutral) and Susanowo (chaotic).
 You were right-handed.
 You were in the Dungeons of Doom, on level 4.
 You entered the dungeon 8622 turns ago.
 There was a full moon in effect when your adventure ended.
 You had 1408 experience points, 1152 more were needed to attain level 9.

Basics:
 You had 0 out of 77 hit points.
 You had all 75 energy points (spell power).
 Your armor class was 2.
 Your wallet was empty.
 Autopickup was off.

Final Characteristics:
 Your strength was 12 (limit:18/100).
 Your dexterity was 12 (limit:18).
 Your constitution was 17 (limit:18).
 Your intelligence was 10 (limit:18).
 Your wisdom was 18 (limit:18).
 Your charisma was 9 (limit:18).

Final Status:
 You were hungry.
 You were unencumbered.
 You were wielding a mace.
 You had expert skill with mace.

Final Attributes:
 You were piously aligned.
 You were poison resistant.
 You were telepathic.
 You were guarded.
 Your spell casting was impaired by metallic armor, mitigated by your robe.
 You were lucky.
 You are dead.

Miscellaneous:
 You didn't encounter any bones levels.
 Total elapsed playing time was 37 minutes and 47 seconds.

Major events:
 Turn
    1: DaveT the lawful human Priest entered the dungeon
  660: attained the rank of Acolyte (level 3)
 1114: entered the Gnomish Mines
 2780: attained the rank of Adept (level 6)
 3483: reached Mine Town
 8610: stole 126 zorkmids worth of merchandise from Brzeg's liquor emporium
 8622: killed by a Kop Sergeant

Spells:
 Name                 Level Category     Fail Retention
 detect monsters        1   divination    13%   51%-75%
 light                  1   clerical      13%   51%-60%

Skills:
 Fighting Skills
   bare handed combat [Unskilled]
 Weapon Skills
   club               [Unskilled]
   mace               [Expert]
   morning star       [Unskilled]
   flail              [Unskilled]
   hammer             [Unskilled]
   quarterstaff       [Unskilled]
   polearms           [Unskilled]
   spear              [Unskilled]
   trident            [Unskilled]
   lance              [Unskilled]
   bow                [Unskilled]
   sling              [Unskilled]
   crossbow           [Unskilled]
   dart               [Unskilled]
   shuriken           [Unskilled]
   boomerang          [Unskilled]
   unicorn horn       [Unskilled]
 Spellcasting Skills
   healing spells     [Unskilled]
   divination spells  [Unskilled]
   clerical spells    [Basic]

Voluntary challenges:
 Character rerolling was not enabled.
 You never genocided any monsters.
 You never polymorphed an object.
 You never changed form.
 You used no wishes.
Achievements:
 You entered a shop.
 You attained the rank of Acolyte.
 You entered the Gnomish Mines.
 You attained the rank of Adept.
 You entered Minetown.
 You entered a temple.

 The Dungeons of Doom: levels 1 to 5
    Level 1:
       A fountain.
    Level 2:
       A weapon shop, an altar to Amaterasu Omikami, a fountain.
    Level 3:
       A potion shop, some fountains, a sink.
       Stairs down to The Gnomish Mines.
    Level 4: <- You were here.
       A potion shop, an altar.
       Final resting place for
          you, killed by a Kop Sergeant.
    Level 5:
       Many fountains.
 The Gnomish Mines: levels 4 to 7
    Level 4:
    Level 5:
    Level 6:
       Many shops, a temple and an altar, some fountains.
    Level 7:


Vanquished creatures:
  a large mimic
  4 small mimics
  2 giant beetles
  a lizard
  4 human zombies
 an imp
  2 orc shamans
  a rock piercer
  a yellow light
  5 gnome leaders
  2 gnomish wizards
  a Kop Lieutenant
  2 black naga hatchlings
  a gray ooze
 an elf zombie
  a ghoul
  a straw golem
  a baby crocodile
  7 giant ants
  2 little dogs
  a floating eye
  2 kittens
  2 dwarves
  2 homunculi
  2 kobold leaders
  a kobold shaman
  3 hill orcs
  3 rothes
  a rabid rat
  a centipede
  2 giant bats
  a monkey
  3 orc zombies
  4 dwarf zombies
  a wererat
  4 iguanas
  2 acid blobs
  a coyote
  a gas spore
  4 manes
  a large kobold
  4 hobgoblins
  3 giant rats
  4 cave spiders
  3 brown molds
  5 yellow molds
 21 gnomes
  5 garter snakes
  2 gnome zombies
  7 geckos
  9 jackals
  5 goblins
  7 sewer rats
  5 grid bugs
  3 bats
  6 lichens
  2 kobold zombies
  6 newts
180 creatures vanquished.

No species were genocided or became extinct.

Game over:
                       ----------
                      /          \
                     /    REST    \
                    /      IN      \
                   /     PEACE      \
                  /                  \
                  |      DaveT       |
                  |       0 Au       |
                  | killed by a Kop  |
                  |     Sergeant     |
                  |                  |
                  |                  |
                  |       2026       |
                 *|     *  *  *      | *
        _________)/\\_//(\/(/\)/\//\/|_)_______

Goodbye DaveT the Priest...

You died in The Dungeons of Doom on dungeon level 4 with 6006 points,
and 0 pieces of gold, after 8622 moves.
You were level 8 with a maximum of 77 hit points when you died.

